 Dungeon Crawl Stone Soup version 0.24-b1 (webtiles) character file.

Game seed: 6798833485711125072, levelgen mode: deterministic

133 MisterOstroum the Skirmisher (level 5, -5/54 HPs)
             Began as an Ogre Conjurer on Oct 13, 2019.
             Slain by Blork the orc
             ... wielding a +0 war axe
              (9 damage)
             ... on level 4 of the Dungeon.
             The game lasted 00:06:02 (2513 turns).

MisterOstroum the Skirmisher (Ogre Conjurer)        Turns: 2513, Time: 00:06:02

Health: -5/54      AC:  3    Str: 12    XL:     5   Next: 16%
Magic:  0/8        EV: 10    Int: 17    God:
Gold:   100        SH:  0    Dex:  9    Spells: 1/8 levels left

rFire    . . .     SeeInvis .   f - +0 whip (vamp)
rCold    . . .     Gourm    .   (no shield)
rNeg     . . .     Faith    .   a - +0 robe
rPois    .         Spirit   .   (helmet restricted)
rElec    .         Reflect  .   (no cloak)
rCorr    +         Harm     .   (gloves unavailable)
MR       .....                  (boots unavailable)
Stlth    +.........             (no amulet)
HPRegen  0.18/turn              (no ring)
MPRegen  0.11/turn              o - ring of resist corrosion

@: very slightly contaminated
A: large, unfitting armour, tough skin 1
a: no special abilities


You were on level 4 of the Dungeon.
You were hungry.

You visited 1 branch of the dungeon, and saw 3 of its levels.

You collected 100 gold pieces.

Inventory:

Hand Weapons
 c - a +0 dagger
 f - a +0 vampiric whip (weapon)
Missiles
 b - 13 poisoned darts (quivered)
 d - 23 stones
 n - 4 large rocks
Armour
 a - a +0 robe (worn)
Jewellery
 k - an uncursed ring of fire
 o - a ring of resist corrosion (right hand)
Scrolls
 i - a scroll of identify {@r1}
 m - a scroll of remove curse {unknown}
 p - a scroll of fear {unknown}
 r - a scroll of teleportation {unknown}
Potions
 g - a potion of mutation {unknown}
 h - 2 potions of flight
 j - 2 potions of curing
 l - a potion of ambrosia {unknown}
 q - a potion of might {unknown}
Comestibles
 e - 8 rations


   Skills:
 + Level 3.9 Fighting
 - Level 3.0 Maces & Flails
 - Level 1.7 Dodging
 - Level 1.4 Stealth
 - Level 2.4 Spellcasting
 - Level 3.6 Conjurations


You had one spell level left.
You knew the following spells:

 Your Spells              Type           Power        Failure   Level  Hunger
a - Magic Dart            Conj           ##..         4%          1    #......
b - Searing Ray           Conj           ##....       6%          2    ##.....
c - Fulminant Prism       Conj/Hex       #.........   65%         4    #####..

Your spell library contained the following spells:

 Spells                   Type           Power        Failure   Level  Hunger
 Dazzling Spray           Conj/Hex       #.....       26%         3    ###....
 Iskenderun's Mystic Bla  Conj           ##......     38%         4    #####..
 Force Lance              Conj/Tloc      #.......     65%         4    #####..


Dungeon Overview and Level Annotations

Branches:
Dungeon (2/15)

Altars:
Yredelemnul

Annotations:
D:4 Blork the orc


Innate Abilities, Weirdness & Mutations

You are too large for most types of armour.
You have tough skin. (AC +1)


Message History

You throw a poisoned dart.
The poisoned dart closely misses the worker ant.
The worker ant bites you. The worker ant closely misses you.
Throwing (i - inventory. (/) - cycle)
b - 17 poisoned darts (quivered)
Press: ? - help, Shift-Dir - straight line, f/p - worker ant
Aim: a worker ant You throw a poisoned dart.
The poisoned dart hits the worker ant.
The worker ant is poisoned.
The worker ant barely misses you.
Throwing (i - inventory. (/) - cycle)
b - 16 poisoned darts (quivered)
Press: ? - help, Shift-Dir - straight line, f - Blork the orc, p - worker ant
Aim: Blork the orc, wielding a +0 war axe and wearing a +0 robe You throw a poisoned dart.
The poisoned dart hits the worker ant.
The worker ant looks even sicker.
The worker ant is lightly wounded.
The worker ant bites you but does no damage.
Throwing (i - inventory. (/) - cycle)
b - 15 poisoned darts (quivered)
Press: ? - help, Shift-Dir - straight line, f/p - Blork the orc
Aim: Blork the orc, wielding a +0 war axe and wearing a +0 robe You throw a poisoned dart.
The poisoned dart hits the worker ant.
The worker ant is heavily wounded.
The worker ant bites you.
Blork the orc mumbles some strange words.
Blork the orc seems to speed up.
The worker ant bites you.
You are poisoned.
The worker ant poisons you!
You feel sick.
You feel sick.
You kill the worker ant!
You have reached level 5!
Throwing (i - inventory. (/) - cycle)
b - 14 poisoned darts (quivered)
Press: ? - help, Shift-Dir - straight line, f/p - Blork the orc
Aim: Blork the orc, wielding a +0 war axe and wearing a +0 robe (fast)
You throw a poisoned dart. The poisoned dart hits Blork the orc.
Blork the orc is poisoned.
You feel sick.
Blork the orc looks encouraged for a moment.
You hit Blork the orc but do no damage.
Blork the orc is lightly wounded.
Blork the orc hits you but does no damage.
Casting: Magic Dart (safe; 4% risk of failure)
Confirm with . or Enter, or press ? or * to list all spells.
Aiming: Searing Ray (safe; 6% risk of failure)
Press: ? - help, Shift-Dir - straight line, f/p - Blork the orc
Aim: Blork the orc, wielding a +0 war axe and wearing a +0 robe (lightly wounded, fast, poisoned)
You miscast Searing Ray.
You are very lightly contaminated with residual magic.
Nothing appears to happen.
You feel sick.
Blork the orc hits you with a +0 war axe!
Casting: Searing Ray (safe; 6% risk of failure)
Confirm with . or Enter, or press ? or * to list all spells.
Aiming: Searing Ray (safe; 6% risk of failure)
Press: ? - help, Shift-Dir - straight line, f/p - Blork the orc
Aim: Blork the orc, wielding a +0 war axe and wearing a +0 robe (lightly wounded, fast, poisoned)
The searing ray hits Blork the orc.
Blork the orc is moderately wounded. (Press . to maintain the ray.) Blork the orc hits you with a +0 war axe.
Blork the orc hits you but does no damage.
The searing ray hits Blork the orc.
Blork the orc is moderately wounded.
You feel sick.
Blork the orc hits you with a +0 war axe!
The searing ray hits Blork the orc.
Blork the orc is severely wounded.
Blork the orc hits you with a +0 war axe!
* * * LOW HITPOINT WARNING * * *
Okay, then.
Unknown command.
Blork the orc looks more healthy.
Blork the orc hits you with a +0 war axe.
* * * LOW HITPOINT WARNING * * *
You barely miss Blork the orc.
Blork the orc is severely wounded.
You feel sick.
Blork the orc hits you but does no damage.
You hit Blork the orc.
You feel better.
Blork the orc is severely wounded.
Blork the orc barely misses you.
Casting: Searing Ray (safe; 6% risk of failure)
Confirm with . or Enter, or press ? or * to list all spells.
Aiming: Magic Dart (safe; 4% risk of failure)
Press: ? - help, Shift-Dir - straight line, f/p - Blork the orc
Aim: Blork the orc, wielding a +0 war axe and wearing a +0 robe (severely wounded, fast)
The magic dart hits Blork the orc.
Blork the orc is almost dead.
Blork the orc closely misses you.
You closely miss Blork the orc.
Blork the orc is almost dead.
You feel sick.
Blork the orc hits you with a +0 war axe!
* * * LOW HITPOINT WARNING * * *
You feel better.
Blork the orc gestures at you while chanting.
The puff of flame hits you.
* * * LOW HITPOINT WARNING * * *
Blork the orc hits you with a +0 war axe.
* * * LOW HITPOINT WARNING * * *
You barely miss Blork the orc.
Blork the orc is almost dead.
Blork the orc hits you with a +0 war axe!
You die...

#. .. #.#
#.#.#.#######.# .#
..<....(......# ..
#.#.#..#o####.# #.#
....###.###.# #.#
##..# ##.##.# #.#
### ##(###.###.#
#...o@.....#
#.#####.##..#
###.....##..#######
#.######.........
#.# #.#######.
#.######.#
#.....##.#
#####.##.# #.##.#


You could see Blork the orc.

Vanquished Creatures
  A scorpion (D:2)
  A worker ant (D:4)
  2 oozes (D:4)
  A worm (D:2)
  A dart slug (D:2)
  2 leopard geckos
  3 bats
  4 giant cockroaches
  6 goblins
  5 hobgoblins
  2 quokkas (D:2)
  4 frilled lizards
  9 kobolds
  5 rats
46 creatures vanquished.

Notes
Turn   | Place    | Note
-------+----------+-------------------------------------------
     0 | D:1      | MisterOstroum the Ogre Conjurer began the quest for the
                  | Orb.
     0 | D:1      | Reached XP level 1. HP: 16/16 MP: 3/3
    80 | D:1      | Reached skill level 1 in Fighting
   146 | D:1      | Reached XP level 2. HP: 4/28 MP: 0/5
   472 | D:1      | Learned a level 2 spell: Searing Ray
  1089 | D:1      | Reached XP level 3. HP: 37/37 MP: 3/6
  1183 | D:1      | Reached skill level 1 in Maces & Flails
  1797 | D:2      | Found a basalt altar of Yredelemnul.
  1845 | D:2      | Noticed a scorpion
  1877 | D:2      | Killed a scorpion
  1877 | D:2      | Reached XP level 4. HP: 7/45 MP: 3/7
  2307 | D:2      | You fall into a shaft and drop 2 floors!
  2335 | D:4      | Learned a level 4 spell: Fulminant Prism
  2487 | D:4      | Noticed Blork the orc
  2500 | D:4      | Reached XP level 5. HP: 42/54 MP: 6/8
  2511 | D:4      | HP: 2/54 [Blork the orc/+0 war axe (8)]
  2513 | D:4      | Slain by Blork the orc

Skill      XL: |  1  2  3  4 |
---------------+-------------+-----
Fighting       | 2 3 |  3.9
Maces & Flails | 2 3 |  3.0
Dodging        | |  1.7
Stealth        | |  1.4
Spellcasting   | |  2.4
Conjurations   | |  3.6

Action                   |  1- 3 |  4- 6 || total
-------------------------+-------+-------++-------
Melee: Unarmed           |    28 |       ||    28
       Whip              |    52 |    15 ||    67
Throw: Dart              |     6 |     7 ||    13
 Cast: Magic Dart        |    64 |    18 ||    82
       Searing Ray       |     1 |     1 ||     2
  Use: Potion            |     1 |     1 ||     2
       Scroll            |       |     1 ||     1
  Eat: Chunk             |     4 |     1 ||     5
Armor: Robe              |    36 |     6 ||    42
Dodge: Dodged            |    70 |    10 ||    80
